 Dungeon Crawl Stone Soup version 0.17-a0-1393-gcb420ff (console) character file.

291 lauthentik the Sneak (level 6, -4/43 HPs)
             Began as a Vampire Enchanter on June 16, 2015.
             Slain by Grinder (7 damage)
             ... on level 3 of the Dungeon.
             The game lasted 00:10:41 (2590 turns).

lauthentik the Sneak (Vampire Enchanter)            Turns: 2590, Time: 00:10:41

Health: -4/43      AC:  4    Str:  7    XL:     6   Next: 10%
Magic:  10/10      EV: 13    Int: 24    God:
Gold:   116        SH:  0    Dex: 15    Spells: 2 memorised, 8 levels left

rFire  . . .     SeeInvis +     n - +0 rapier
rCold  + + .     Clarity  .     b - +1 robe
rNeg   + + +     SustAt   .     (no shield)
rPois  +         Gourm    .     (no helmet)
rElec  .         Spirit   .     (no cloak)
rCorr  .         Warding  .     g - +0 pair of gloves
rMut   .         Stasis   .     (no boots)
MR     .....                    (no amulet)
Stlth  ++++......               (no ring)
                                (no ring)

@: brilliant, regenerating slowly, not resistant to hostile enchantments,
stealthy
A: fangs 3, see invisible, unbreathing
a: Bat Form


You were on level 3 of the Dungeon.
You were near bloodless.

You visited 1 branch of the dungeon, and saw 3 of its levels.

You collected 116 gold pieces.

Inventory:

Hand weapons
 a - a +1 dagger
 n - a +0 rapier (weapon)
Missiles
 f - a throwing net (quivered)
Armour
 b - a +1 robe (worn)
 g - a +0 pair of gloves (worn)
 k - a +0 robe
 l - a +0 robe
Scrolls
 e - 2 scrolls of remove curse {unknown}
 j - a scroll of enchant weapon {unknown}
 o - a scroll of teleportation {unknown}
 p - a scroll of identify {unknown}
Potions
 d - 6 potions of blood
 h - a potion of ambrosia {unknown}
 i - a potion of brilliance
 m - a potion of heal wounds {unknown}
 q - 2 potions of curing {unknown}
 r - a potion of agility {unknown}
 s - 2 potions of magic {unknown}
Books
 c - a book of Maledictions

   Spells                             Type                      Level
   a - Corona                         Hexes                        1
   b - Ensorcelled Hibernation        Hexes/Ice                    2
   c - Confuse                        Hexes                        3
   d - Tukima's Dance                 Hexes                        3
   e - Dazzling Spray                 Conjuration/Hexes            3


   Skills:
 + Level 1.0 Fighting
 + Level 1.4 Short Blades
 + Level 3.4 Dodging
 + Level 7.3 Stealth
 + Level 3.0 Spellcasting
 + Level 5.5 Hexes
 + Level 1.4 Ice Magic


You had 8 spell levels left.
You knew the following spells:

 Your Spells              Type           Power        Failure   Level  Hunger
a - Ensorcelled Hibernat  Hex/Ice        ####..       1%          2    ##.....
b - Corona                Hex            #####..      1%          1    None


Dungeon Overview and Level Annotations

Branches:
Dungeon (3/15)

Altars:
Trog

Annotations:
D:3 Grinder


Innate Abilities, Weirdness & Mutations

You heal slowly.
You have razor-sharp teeth.
You have supernaturally acute eyesight.
You can survive without breathing.


Message History

Wield which item (- for none, * to show all)? (? for menu, Esc to quit)
n - a +0 rapier (weapon)
You hit Grinder but do no damage. Your bite misses Grinder.
Grinder is moderately wounded.
Grinder hits you!
* * * LOW HITPOINT WARNING * * *
You hit Grinder.
Grinder is moderately wounded.
Grinder gestures at you.
You struggle to resist.
Your magical contamination has completely faded away.
You hit Grinder. Your bite misses Grinder.
Grinder is heavily wounded.
Grinder closely misses you. Grinder hits you.
* * * LOW HITPOINT WARNING * * *
Drink which item? (? for menu, Esc to quit)
It was a potion of brilliance.
You feel clever all of a sudden. Grinder hits you!
You die...

###.#.# ...#.# #....#
....#### ......# ...?.#
#.%..#
#########@...#############
.........5................
........#..†.######''#####
#######.########........##
#..# ##..........# ##.##
##..........%.
#..###.............
##.##........%.....
#.#...............


You could see Grinder.

Vanquished Creatures
  Sigmund (D:2)
  Ijyb (D:2)
  A hound (D:3)
  2 adders
  A worm (D:2)
  A ball python (D:1)
  7 bats
  7 goblins
  4 hobgoblins
  11 jackals
  5 kobolds
  4 giant newts
  13 rats
58 creatures vanquished.

Notes
Turn   | Place    | Note
--------------------------------------------------------------
     0 | D:1      | lauthentik the Vampire Enchanter began the quest for the Orb.
     0 | D:1      | Reached XP level 1. HP: 13/13 MP: 3/3
   315 | D:1      | Reached XP level 2. HP: 1/19 MP: 1/5
   671 | D:1      | Learned a level 2 spell: Ensorcelled Hibernation
   983 | D:1      | Reached XP level 3. HP: 18/24 MP: 1/6
  1034 | D:1      | Reached skill level 5 in Stealth
  1572 | D:2      | Noticed Sigmund
  1588 | D:2      | Killed Sigmund
  1588 | D:2      | Reached skill level 6 in Stealth
  1588 | D:2      | Reached skill level 5 in Hexes
  1588 | D:2      | Reached skill level 1 in Ice Magic
  1588 | D:2      | Reached XP level 4. HP: 29/31 MP: 4/8
  1588 | D:2      | Reached XP level 5. HP: 33/36 MP: 4/9
  1912 | D:2      | Found a bloodstained altar of Trog.
  1998 | D:2      | Reached skill level 1 in Fighting
  2045 | D:2      | Reached skill level 7 in Stealth
  2056 | D:2      | Noticed Ijyb
  2067 | D:2      | Killed Ijyb
  2446 | D:3      | Reached XP level 6. HP: 43/43 MP: 7/10
  2519 | D:3      | Found a faded altar to an unknown god.
  2564 | D:3      | Noticed Grinder
  2581 | D:3      | Paralysed by Grinder for 3 turns
  2590 | D:3      | Slain by Grinder

Vault maps used:
D:1:      sevenhm_arrival_forest_fort_small_3
D:2:      nicolae_overflow_crystal_walls, minmay_misc_feat_doors, uniq_iyjb,
          uniq_sigmund
D:3:      kennysheep_big_flooded_room, portal_sewer_entry_b, ecumenical_altar_1,
          first_bread, uniq_grinder

Action                   |  1- 3 |  4- 6 || total
-------------------------+-------+-------++-------
Melee: Dagger            |   143 |    58 ||   201
       Rapier            |       |     3 ||     3
 Cast: Corona            |    10 |       ||    10
       Ensorcelled Hiber |    12 |     7 ||    19
  Use: Potion            |       |     1 ||     1
 Stab: Sleeping          |    16 |    12 ||    28
